 Dungeon Crawl Stone Soup version 0.15-a0-2265-gb33f7a6 (webtiles) character file.

1646 Herrn the Shield-Bearer (level 8, -2/43 HPs)
             Began as a Vine Stalker Fighter on July 27, 2014.
             Slain by a hill giant
             ... wielding a +0 giant spiked club
              (28 damage)
             ... on Level 5 of the Dungeon.
             The game lasted 00:14:37 (4558 turns).

Herrn the Shield-Bearer (Vine Stalker Fighter)      Turns: 4558, Time: 00:14:37

HP  -2/43        AC 13     Str 20      XL: 8   Next: 99%
MP   0/20        EV  3     Int  8      God:
Gold 278         SH 10     Dex 15      Spells:  0 memorised, 15 levels left

rFire  . . .     SeeInvis .     a - +0 war axe
rCold  . . .     Clarity  .     f - +0 plate armour
rNeg   . . .     rCorr    .     c - +0 shield
rPois  +         rRot     +     y - +0 helmet
rElec  .         Spirit   +     q - -1 cloak (curse)
SustAb .         Warding  .     (no gloves)
rMut   .         Stasis   .     (no boots)
Gourm  .                        (no amulet)
MR     +....                    r - ring of poison resistance
                                k - cursed -3 ring of slaying

@: somewhat resistant to hostile enchantments, extremely unstealthy
A: fangs 3, regeneration 2, magic shield, antimagic bite, no device heal 3, rot
immunity
a: no special abilities


You were on level 5 of the Dungeon.
You were hungry.

You visited 1 branch of the dungeon, and saw 5 of its levels.

You collected 278 gold pieces.

Inventory:

Hand weapons
 a - a +0 war axe (weapon)
 w - a cursed -2 battleaxe
Armour
 c - a +0 shield (worn)
 f - a +0 plate armour (worn)
 q - a cursed -1 cloak (worn)
 y - a +0 helmet (worn)
Magical devices
 n - a wand of teleportation (6)
Comestibles
 d - 6 bread rations
 j - 3 meat rations
 o - 2 fruits
 x - a slice of pizza
 z - 4 chunks of gnoll flesh
Scrolls
 b - 2 scrolls of amnesia
 g - a scroll of enchant armour
 i - a scroll of noise
 m - a scroll of teleportation
 s - a scroll of identify
 t - 2 scrolls of recharging
 u - a scroll of silence {unknown}
Jewellery
 h - a +2 ring of strength
 k - a cursed -3 ring of slaying (left hand)
 p - an uncursed ring of ice
 r - a ring of poison resistance (right hand)
Potions
 e - 2 potions of invisibility
 l - a potion of might
 v - 3 potions of curing {unknown}
 A - a potion of poison {unknown}


   Skills:
 * Level 5.0 Fighting
 * Level 4.9 Axes
 + Level 4.2 Armour
 + Level 2.1 Dodging
 + Level 5.4 Shields
 * Level 4.2 Spellcasting


You had 15 spell levels left.
You didn't know any spells.

Dungeon Overview and Level Annotations

Branches:
Dungeon (5/15)
 Temple: D:4-7

Altars:
Ashenzari
Fedhas
Xom

Shops:
D:5 [


Innate Abilities, Weirdness & Mutations

You have razor-sharp teeth.
You heal very quickly.
When hurt, damage is shared between your health and your magic reserves.
Your bite disrupts and absorbs the magic of your enemies.
Potions and wands cannot restore your health.
You are immune to rotting.


Message History

The hill giant is lightly wounded.
You block the quokka's attack. The quokka bites you.
The hill giant hits you with a giant spiked club!!
Unknown command.
You closely miss the quokka.
The quokka is moderately wounded.
Your plate armour prevents you from hitting the hill giant.
You bite the hill giant. You drain its power.
You feel invigorated.
The hill giant is moderately wounded.
You block the quokka's attack. You block the hill giant's attack.
The quokka bites you but does no damage.
You hit the quokka.
The quokka is heavily wounded.
You hit the hill giant.
You bite the hill giant, but do no damage.
The hill giant is moderately wounded.
The quokka bites you but does no damage.
The hill giant hits you with a giant spiked club!!!
Ouch! That really hurt!
You die...

♣♣ ♣.♣♣♣♣.♣
#..#'#.# #.#
.♣♣♣♣%♣ ♣.♣
#......# #.#
♣.♣♣.♣♣ ♣♣.♣
#......####.#
♣..)♣♣ ♣.♣♣
#...........####
♣♣♣♣♣ ♣♣.♣
#.)#'#.........#
♣.♣♣
#..#.#....[###.#
♣♣.♣ #....#.###.#
#.# ♣.♣♣
##..r.#.###.###.##
♣♣♣♣♣.♣
#..C@.#..........#
♣.♣♣.♣♣
#>#...#...#.######
♣♣♣)..♣♣
#.....#.#.#.#
♣...♣♣♣
#.#####.#...#
....♣♣ #.# #.#####
.....♣ #.#
#.###########
....♣♣ #.#
#...........#
♣..♣.♣ #.#
###########.#
♣♣♣♣♣♣ ####.# #.#


You could see a hill giant and a quokka.

Vanquished Creatures
  A phantom (D:4)
  2 ice beasts (D:5)
  A sky beast (D:5)
  3 ogres (D:5)
  A centaur (D:5)
  Sigmund (D:3)
  A gnoll sergeant (D:5)
  3 scorpions
  An orc priest (D:4)
  3 jellies (D:5)
  Crazy Yiuf (D:3)
  An iguana (D:5)
  3 hounds
  An orc wizard (D:5)
  A gnoll shaman (D:4)
  Jessica (D:3)
  A worker ant zombie (D:5)
  10 gnolls
  9 adders
  2 shadow imps (D:5)
  3 worms
  8 giant geckos
  2 oozes
  7 orcs
  2 giant cockroaches
  10 goblins
  7 hobgoblins
  3 jackals (D:4)
  4 quokkas
  A ball python (D:1)
  18 bats
  6 giant newts
  A giant newt skeleton (D:5)
  A goblin zombie (D:5)
  8 kobolds
  A kobold zombie (D:5)
  12 rats
141 creatures vanquished.

Notes
Turn   | Place    | Note
--------------------------------------------------------------
     0 | D:1      | Herrn, the Vine Stalker Fighter, began the quest for the Orb.
     0 | D:1      | Reached XP level 1. HP: 11/11 MP: 1/1
   145 | D:1      | Reached XP level 2. HP: 11/16 MP: 3/3
   309 | D:1      | Reached skill level 3 in Fighting
   821 | D:2      | Reached XP level 3. HP: 17/20 MP: 4/4
   872 | D:2      | Found a shimmering altar of Xom.
  1079 | D:2      | HP: 1/20 [poisoned by an adder]
  1085 | D:2      | HP: 1/20 [poisoned by an adder]
  1092 | D:2      | HP: 1/20 [poisoned by an adder]
  1315 | D:2      | Reached XP level 4. HP: 24/24 MP: 5/5
  1626 | D:2      | Reached skill level 1 in Spellcasting
  1953 | D:3      | Noticed Crazy Yiuf
  1966 | D:3      | Killed Crazy Yiuf
  1966 | D:3      | Reached XP level 5. HP: 21/28 MP: 6/9
  2092 | D:3      | Noticed Sigmund
  2111 | D:3      | Killed Sigmund
  2329 | D:3      | Gained mutation: You heal very quickly. [vine stalker growth]
  2329 | D:3      | Reached XP level 6. HP: 29/32 MP: 11/11
  2353 | D:3      | Noticed Jessica
  2361 | D:3      | Killed Jessica
  2727 | D:4      | Reached skill level 1 in Dodging
  2927 | D:4      | Reached skill level 4 in Shields
  2992 | D:4      | Reached XP level 7. HP: 37/37 MP: 14/14
  3233 | D:4      | Found a shattered altar of Ashenzari.
  3235 | D:4      | Found a blossoming altar of Fedhas.
  3430 | D:5      | Entered Level 5 of the Dungeon
  3659 | D:5      | Gained mutation: You have razor-sharp teeth. [vine stalker growth]
  3659 | D:5      | Reached XP level 8. HP: 42/42 MP: 18/18
  3757 | D:5      | Found Ovalax's Armour Shoppe.
  3785 | D:5      | Reached skill level 5 in Shields
  4444 | D:5      | Reached skill level 5 in Fighting
  4550 | D:5      | Noticed a hill giant
  4558 | D:5      | Slain by a hill giant

Action                   |  1- 3 |  4- 6 |  7- 9 || total
-------------------------+-------+-------+-------++-------
Melee: War axe           |   150 |   232 |   254 ||   636
Evoke: Wand              |       |     1 |       ||     1
  Use: Potion            |     2 |     3 |       ||     5
       Scroll            |     1 |     2 |     3 ||     6
  Eat: Chunk             |     1 |     7 |     5 ||    13
